 Dungeon Crawl Stone Soup version 0.26-a0-631-ged93497179 (webtiles) character file.

Game seed: 7403476822058964128

175 Drevant2 the Caller (level 5, -14/35 HPs)
             Began as a Barachi Summoner on Sept 12, 2020.
             Was an Initiate of Sif Muna.
             Killed by divine providence
             ... invoked by an orc priest
              (16 damage)
             ... on level 3 of the Dungeon.
             The game lasted 00:17:59 (4781 turns).

Drevant2 the Caller (Barachi Summoner)              Turns: 4781, Time: 00:18:00

Health: -14/35     AC:  3    Str: 10    XL:     5   Next: 55%
Magic:  6/10       EV: 12    Int: 16    God:    Sif Muna [......]
Gold:   45         SH:  0    Dex: 12    Spells: 2/11 levels left

rFire    . . .     SeeInvis .   i - +0 spear
rCold    . . .     Faith    .   (no shield)
rNeg     . . .     Spirit   .   a - +0 robe
rPois    .         Reflect  .   (no helmet)
rElec    .         Harm     .   (no cloak)
rCorr    .         Rampage  .   (no gloves)
MR       .....                  g - +0 pair of boots
Stlth    ++........             (no amulet)
HPRegen  0.11/turn              (no ring)
MPRegen  0.12/turn              l - ring of wizardry

@: slow
A: +LOS, swims, slowness 1, strong legs 1
a: Hop, Renounce Religion


You were on level 3 of the Dungeon.
You worshipped Sif Muna.
Sif Muna was noncommittal.
You visited 1 branch of the dungeon, and saw 3 of its levels.

You collected 45 gold pieces.

Inventory:

Hand Weapons
 h - a +0 hand axe
 i - a +0 spear (weapon)
Armour
 a - a +0 robe (worn)
 g - a +0 pair of boots (worn)
Jewellery
 f - an uncursed ring of fire
 l - a ring of wizardry (right hand)
Scrolls
 c - 2 scrolls of remove curse {unknown}
 d - 5 scrolls of identify {unknown}
 e - a scroll of enchant armour {unknown}
 j - a scroll of random uselessness {unknown}
 o - a scroll of teleportation {unknown}
Potions
 k - a potion of berserk rage {unknown}
 m - a potion of brilliance {unknown}
 n - a potion of heal wounds {unknown}
 p - a potion of lignification {unknown}


   Skills:
 - Level 2.1 Dodging
 - Level 1.7 Stealth
 + Level 3.6 Spellcasting
 - Level 1.0 Hexes
 * Level 7.0 Summonings


You had 2 spell levels left.
You knew the following spells:

 Your Spells              Type           Power        Failure   Level
a - Summon Small Mammal   Summ           ####         1%          1
b - Call Imp              Summ           ####....     1%          2
c - Summon Guardian Gole  Hex/Summ       ###.....     4%          3
d - Call Canine Familiar  Summ           ####....     1%          3

Your spell library contained the following spells:

 Spells                   Type           Power        Failure   Level
 Summon Ice Beast         Ice/Summ       ##......     16%         4
 Summon Lightning Spire   Summ/Air       ##......     16%         4


Dungeon Overview and Level Annotations

Branches:
Dungeon (3/15)

Altars:
Fedhas
Gozag
Sif Muna


Innate Abilities, Weirdness & Mutations

You can be seen from farther away. (+LOS)
You can swim through water.
You cover ground slowly.
You can hop short distances.


Message History

The orc priest calls down the wrath of Beogh upon you.
Your hound writhes in agony!
Your hound dies!
Your hound's corpse disappears in a puff of smoke!
Casting: Call Canine Familiar (safe; 1% risk of failure)
Confirm with . or Enter, or press ? or * to list all spells.
The orc priest calls down the wrath of Beogh upon you.
Pain shoots through your body!
* * * LOW HITPOINT WARNING * * *
You swap places.
The orc priest calls down the wrath of Beogh upon you.
Your hound writhes in agony!
There is a stone staircase leading up here.
Casting: Call Canine Familiar (safe; 1% risk of failure)
Confirm with . or Enter, or press ? or * to list all spells.
You don't know that spell.
You can't go down here!
The orc priest mumbles some strange prayers to Beogh against you.
Beogh smites you!
You die...

### ###.# ##.#.### ..# ##.#.#
#.### #.# ##.#..# #.# #.#
##.###.## ##'## #.# #.## ##.#
##...## #.## ##.###.## ##.....##
#..## ##.#.#.## ##.......##
##...#########.#...####^........#
).))......oh....@.....'.........'
##...#########.#...####.........#
##..# #....## ##.......## ##.#
####.# ##.....### #.# #.#
####...## # #.# #.# #.......# #
#.# #.# #.###.#.# # #.# #.#
#.###.#.# # #.# #.# #.#.....# #


You could see an orc priest and a friendly hound (summoned).

Vanquished Creatures
  An orc wizard (D:3)
  An adder (D:2)
  A dart slug (D:2)
  An orc (D:3)
  3 bats (D:1)
  A giant cockroach (D:2)
  3 goblins
  7 hobgoblins
  3 jackals
  2 kobolds (D:2)
  A frilled lizard (D:2)
  8 rats
32 creatures vanquished.

Vanquished Creatures (collateral kills)
  2 orc wizards
  3 gnolls (D:3)
  2 adders (D:3)
  An ooze (D:1)
  2 worms (D:2)
  A dart slug (D:1)
  A leopard gecko (D:2)
  9 orcs
  4 goblins
  3 hobgoblins
  5 jackals
  4 kobolds
  7 bats
  2 frilled lizards
  2 rats
48 creatures vanquished.

Vanquished Creatures (others)
  An orc wizard (D:3)
1 creature vanquished.

Grand Total: 81 creatures vanquished

Notes
Turn   | Place    | Note
-------+----------+-------------------------------------------
     0 | D:1      | Drevant2 the Barachi Summoner began the quest for the Orb.
     0 | D:1      | Reached XP level 1. HP: 13/13 MP: 3/3
   142 | D:1      | Reached skill level 5 in Summonings
   237 | D:1      | Reached XP level 2. HP: 4/19 MP: 1/5
   500 | D:1      | Learned a level 2 spell: Call Imp
  1396 | D:1      | Reached XP level 3. HP: 5/24 MP: 4/7
  1972 | D:1      | Learned a level 3 spell: Summon Guardian Golem
  2286 | D:2      | Reached skill level 1 in Hexes
  2644 | D:2      | Reached XP level 4. HP: 30/30 MP: 8/8
  2895 | D:2      | Reached skill level 6 in Summonings
  3340 | D:2      | Found a blossoming altar of Fedhas.
  3340 | D:2      | Found a shimmering blue altar of Sif Muna.
  3343 | D:2      | Found an opulent altar of Gozag.
  3522 | D:2      | Became a worshipper of Sif Muna the Loreminder
  3709 | D:3      | Learned a level 3 spell: Call Canine Familiar
  4258 | D:3      | Reached XP level 5. HP: 30/35 MP: 5/10
  4754 | D:3      | Reached skill level 7 in Summonings
  4781 | D:3      | Killed from afar by an orc priest

Illustrated notes

Levels and vault maps discovered:
D:1:      evilmike_arrival_rings, layout_loops_ring
D:2:      layout_loops_cross, minitemple
D:3:      minmay_door_path, layout_loops_corners, lemuel_crystal_altar,
          chequers_ecumenical_altar_grove

Skill      XL: |  1  2  3  4  5 |
---------------+----------------+-----
Summonings     | 5 6 7 |  7.0
Hexes          | 1 |  1.0
Spellcasting   | 3 |  3.6
Dodging        | |  2.1
Stealth        | |  1.7

Action                   |  1- 3 |  4- 6 || total
-------------------------+-------+-------++-------
Melee: Unarmed           |    28 |       ||    28
       Spear             |    95 |    49 ||   144
 Cast: Summon Small Mamm |    15 |       ||    15
       Call Imp          |    13 |    16 ||    29
       Call Canine Famil |       |     8 ||     8
       Summon Guardian G |       |     2 ||     2
  Use: Potion            |       |     1 ||     1
 Stab: Sleeping          |     6 |       ||     6
Armor: Robe              |    38 |     6 ||    44
Dodge: Dodged            |   119 |    29 ||   148

Table legend: (Time is in decaauts)
 A = Elapsed time spent in this place.
 B = Non-inter-level travel time spent in this place.
 C = Inter-level travel time spent in this place.
 D = Time resting spent in this place.
 E = Time spent auto-exploring this place.
 F = Levels seen in this place.
 G = Mean time per level.
                   A        B        C        D        E       F      G
               +--------+--------+--------+--------+--------+-----+--------+
         Total |   5150 |   4741 |    409 |   1937 |   1864 |   3 | 1716.7 |
       Dungeon |   5150 |   4741 |    409 |   1937 |   1864 |   3 | 1716.7 |
               +--------+--------+--------+--------+--------+-----+--------+

Top non-repeatable levels by time:
     D:2: 2284 daAuts
     D:1: 2173 daAuts
     D:3: 691 daAuts
